[Event "Titled Tuesday Blitz March 08 Early 2022"]
[White "Nguyen, Thien Ngan"]
[Black "Nozdrachev, Leonid"]
[WhiteFideId "12414816"]
[BlackFideId "24113433"]
[WhiteElo "1917"]
[BlackElo "2118"]
[Result "1-0"]
[Round "08"]
[TimeControl "180+1"]
[Date "2022.03.09"]
[WhiteClock "0:00:21"]
[BlackClock "0:00:02"]

1. e4 d6 2. d4 Nf6 3. Bd3 e5 4. d5 c6 5. c4 Na6 6. Nc3 Be7 7. Nge2 O-O 8. O-O Nd7 9. Be3 Ndc5 10. Bc2 cxd5 11. Nxd5 Ne6 12. b4 Bd7 13. a3 Nac7 14. Ndc3 a6 15. Ng3 Bg5 16. Bxg5 Qxg5 17. Nf5 Nf4 18. Qf3 Bxf5 19. exf5 Rac8 20. Ne4 Qxf5 21. Nxd6 Qxc2 22. Nxc8 Rxc8 23. Qxb7 Qf5 24. Rfe1 h5 25. Rad1 h4 26. Rxe5 Qxe5 27. Qxc8+ Kh7 28. Qb7 Nce6 29. Qf3 Nd4 30. Qg4 h3 31. g3 Nd3 32. Qxh3+ Kg8 33. Rxd3 Qe4 34. Re3 Nf3+ 35. Kf1 Qxc4+ 36. Kg2 Qc6 37. Rxf3 f6 38. Qf5 a5 39. h4 axb4 40. axb4 Kh8 41. h5 Kg8 42. h6 1-0


[Site "https://www.chess.com"]

[Event "Titled Tuesday Blitz March 08 Early 2022"]
[White "Oganian, Miran"]
[Black "Saravana, Krishnan P."]
[WhiteFideId "4122488"]
[BlackFideId "5018382"]
[WhiteElo "2357"]
[BlackElo "2210"]
[Result "1-0"]
[Round "08"]
[TimeControl "180+1"]
[Date "2022.03.09"]
[WhiteClock "0:01:03"]
[BlackClock "0:00:11"]

1. e4 e6 2. d4 d5 3. Nc3 Bb4 4. a4 dxe4 5. Ne2 Nf6 6. Ng3 c5 7. Bb5+ Nc6 8. O-O cxd4 9. Ncxe4 Nxe4 10. Nxe4 O-O 11. Bd3 f5 12. Ng5 h6 13. Nf3 e5 14. c3 dxc3 15. bxc3 Bd6 16. Bc4+ Kh8 17. Ng5 Qf6 18. Qh5 e4 19. Rd1 Ne5 20. Be6 Bc5 21. Bb3 Bxf2+ 22. Kh1 e3 23. Ba3 Qxg5 24. Qxg5 hxg5 25. Bxf8 e2 26. Rd8 Kh7 27. Bg8+ Kxg8 28. Bc5+ Kf7 29. Bxf2 b6 30. Re1 Bb7 31. Rxa8 Bxa8 32. Rxe2 Nc6 33. Bd4 f4 34. Kg1 Nxd4 35. cxd4 Bc6 36. Rc2 Bxa4 37. Rc7+ Kf6 38. Rxa7 b5 39. d5 Bb3 40. d6 Be6 41. Rb7 g4 42. Rxb5 g5 43. Rb7 Bf5 44. Re7 Be6 45. Kf2 Bf5 46. Ke1 Be6 47. Rh7 Bf5 48. d7 Bxh7 49. d8=Q+ Kf5 50. Qd7+ Kg6 51. Qe8+ Kh6 52. Qf8+ Kh5 53. Qg7 Bg6 54. Qh8+ 1-0


[Site "https://www.chess.com"]

[Event "Titled Tuesday Blitz March 08 Early 2022"]
[White "P., Komal Kishore"]
[Black "Grafil, Franz Robert"]
[WhiteFideId "5016703"]
[BlackFideId "5205298"]
[WhiteElo "2130"]
[BlackElo "2211"]
[Result "0-1"]
[Round "08"]
[TimeControl "180+1"]
[Date "2022.03.09"]
[WhiteClock "0:00:03"]
[BlackClock "0:00:18"]

1. e4 e6 2. d4 d5 3. Nd2 Nf6 4. e5 Nfd7 5. Bd3 c5 6. c3 Nc6 7. Ndf3 cxd4 8. cxd4 Qb6 9. Ne2 f6 10. exf6 Nxf6 11. O-O Bd6 12. Re1 O-O 13. a3 Bd7 14. b4 Rae8 15. Bg5 Ng4 16. Bh4 Rxf3 17. gxf3 Nxh2 18. Ng3 Qxd4 19. Bg5 Bxg3 20. Bxh7+ Kxh7 21. Qxd4 Nxd4 22. fxg3 Nhxf3+ 23. Kf2 Nxg5 24. Rh1+ Kg6 25. Rac1 Ne4+ 26. Ke3 Nf5+ 27. Kf4 e5+ 28. Kf3 Bc6 29. g4 Nfd6 30. Rh5 d4 31. b5 Bd5 32. Rh2 Nc3+ 33. Kf2 e4 34. Ke1 e3 35. a4 Nde4 36. a5 Nxb5 37. a6 bxa6 38. Rb2 d3 0-1


[Site "https://www.chess.com"]

[Event "Titled Tuesday Blitz March 08 Early 2022"]
[White "Paravyan, David"]
[Black "Nakamura, Hikaru"]
[WhiteFideId "4194985"]
[BlackFideId "2016192"]
[WhiteElo "2569"]
[BlackElo "2850"]
[Result "0-1"]
[Round "08"]
[TimeControl "180+1"]
[Date "2022.03.08"]
[WhiteClock "0:00:02"]
[BlackClock "0:00:58"]

1. e4 c5 2. Nf3 e6 3. d4 cxd4 4. Nxd4 a6 5. Nc3 Qc7 6. Bd3 Nf6 7. O-O d6 8. a4 Be7 9. Be3 b6 10. f4 Nbd7 11. Qe2 Bb7 12. Kh1 Nc5 13. Bf2 O-O 14. Rae1 d5 15. e5 Nfe4 16. Bxe4 dxe4 17. Qe3 Rad8 18. Bg3 g6 19. Rd1 Qc8 20. Qf2 Rd7 21. Nde2 Rfd8 22. Rxd7 Rxd7 23. h3 a5 24. Qe3 Ba6 25. Nb5 Nxa4 26. Nd6 Qxc2 27. Rf2 Bxd6 28. exd6 Qd3 29. Qd4 Qxd4 30. Nxd4 Rxd6 31. Nc2 Nxb2 32. f5 Rd1+ 33. Kh2 Nd3 34. fxe6 Nxf2 35. e7 Rh1# 0-1


[Site "https://www.chess.com"]

[Event "Titled Tuesday Blitz March 08 Early 2022"]
[White "Politov, Pavel Y."]
[Black "Ianov, Viktor"]
[WhiteFideId "24110515"]
[BlackFideId "14102730"]
[WhiteElo "2090"]
[BlackElo "2161"]
[Result "0-1"]
[Round "08"]
[TimeControl "180+1"]
[Date "2022.03.09"]
[WhiteClock "0:00:07"]
[BlackClock "0:01:47"]

1. e4 d6 2. d4 Nf6 3. Nc3 c6 4. Nf3 Bg4 5. h3 Bh5 6. Be2 Nbd7 7. O-O e5 8. Be3 Be7 9. Qd2 O-O 10. Rad1 Qc7 11. d5 cxd5 12. exd5 a6 13. a4 Rfc8 14. Ng5 Bg6 15. Bd3 Nb6 16. Bxg6 hxg6 17. Bxb6 Qxb6 18. Qc1 Rc4 19. Rfe1 Rac8 20. Nge4 Nd7 21. b3 Rxc3 22. Nxc3 Rxc3 23. Re3 Bg5 24. Rdd3 Rxd3 25. cxd3 Bxe3 26. Qc8+ Nf8 27. fxe3 Qxe3+ 28. Kh2 Qf4+ 29. Kg1 Qd4+ 30. Kh2 Qxd5 0-1


[Site "https://www.chess.com"]

[Event "Titled Tuesday Blitz March 08 Early 2022"]
[White "Polster, Christian"]
[Black "Necula, Iulian"]
[WhiteFideId "12965081"]
[BlackFideId "1232380"]
[WhiteElo "2277"]
[BlackElo "1776"]
[Result "1-0"]
[Round "08"]
[TimeControl "180+1"]
[Date "2022.03.09"]
[WhiteClock "0:00:19"]
[BlackClock "0:00:09"]

1. e4 g6 2. d4 c6 3. Nc3 d5 4. h3 h5 5. Nf3 dxe4 6. Nxe4 Nf6 7. Nxf6+ exf6 8. Bc4 Bg7 9. O-O O-O 10. Re1 Re8 11. Bf4 Nd7 12. Bb3 Nf8 13. c4 Be6 14. d5 cxd5 15. cxd5 Bf5 16. Qd2 Rxe1+ 17. Rxe1 g5 18. Be3 Be4 19. Qe2 Ng6 20. Nd4 Bxd5 21. Qxh5 Bxb3 22. axb3 Qa5 23. Rc1 Re8 24. Qf3 Ne5 25. Qxb7 g4 26. Qb5 Qa2 27. Qxe8+ Kh7 28. hxg4 Qxb2 29. Nf5 Qxb3 30. Rc8 Nxg4 31. Qg8+ Kg6 32. Qxg7+ Kxf5 33. Rc5+ Ne5 34. Qg3 Qd1+ 35. Kh2 Qh5+ 36. Qh3+ Qxh3+ 37. Kxh3 Ke6 38. Rxe5+ fxe5 39. Bxa7 f5 40. f3 e4 41. fxe4 fxe4 42. Be3 Kf5 43. g4+ Kg6 44. Kg3 Kf6 45. Kf4 Kg6 46. Kxe4 Kg7 47. Kf4 Kf7 48. Kf5 Kg7 49. g5 Kf7 50. g6+ Kg8 51. Kf6 Kf8 52. g7+ Kg8 53. Bd4 Kh7 54. Kf7 Kh6 55. g8=Q 1-0


[Site "https://www.chess.com"]

[Event "Titled Tuesday Blitz March 08 Early 2022"]
[White "Ptacnikova, Lenka"]
[Black "Aggelis, Nikolaos"]
[WhiteFideId "305650"]
[BlackFideId "4213220"]
[WhiteElo "1923"]
[BlackElo "2154"]
[Result "0-1"]
[Round "08"]
[TimeControl "180+1"]
[Date "2022.03.09"]
[WhiteClock "0:00:01"]
[BlackClock "0:00:54"]

1. c4 Nf6 2. Nf3 g6 3. g3 Bg7 4. Bg2 O-O 5. O-O d5 6. cxd5 Nxd5 7. Nc3 Nxc3 8. bxc3 c5 9. Qc2 Nc6 10. Rb1 Bf5 11. e4 Bc8 12. d3 b6 13. Be3 Bg4 14. h3 Bxf3 15. Bxf3 Rc8 16. Rfd1 Qc7 17. Bg2 Rfd8 18. Qb3 Na5 19. Qc2 Qe5 20. Rbc1 h5 21. f4 Qc7 22. e5 e6 23. Be4 Bf8 24. Kg2 Nc6 25. h4 Qd7 26. Qf2 Ne7 27. d4 cxd4 28. cxd4 Nd5 29. Bd2 Qa4 30. Be1 Nc3 31. Bxc3 Ba3 32. Qc2 Qc4 33. Bb2 Qxc2+ 34. Rxc2 Rxc2+ 35. Bxc2 Bxb2 36. d5 exd5 37. Bb3 d4 38. Kf3 d3 39. Ke3 d2 40. Ke2 Bc1 41. e6 fxe6 42. Bxe6+ Kg7 43. Bc4 Kf6 44. Bd3 Re8+ 45. Kf3 Rd8 46. Be4 Rc8 47. Bd5 Rc3+ 0-1


[Site "https://www.chess.com"]

[Event "Titled Tuesday Blitz March 08 Early 2022"]
[White "Qashashvili, Alexandre"]
[Black "Dejmek, Mark"]
[WhiteFideId "13600842"]
[BlackFideId "2017628"]
[WhiteElo "2316"]
[BlackElo "2231"]
[Result "0-1"]
[Round "08"]
[TimeControl "180+1"]
[Date "2022.03.09"]
[WhiteClock "0:00:15"]
[BlackClock "0:00:07"]

1. e4 e5 2. Nf3 Nc6 3. Bc4 Bc5 4. d3 d6 5. Bg5 Nf6 6. Nc3 h6 7. Bh4 Be6 8. Nd5 Bxd5 9. exd5 Nd4 10. Nxd4 Bxd4 11. c3 Bb6 12. Qf3 g5 13. Bb5+ Kf8 14. Bg3 a6 15. Bc4 Nd7 16. h4 g4 17. Qxg4 h5 18. Qf3 Qf6 19. Qxf6 Nxf6 20. O-O-O Rg8 21. Rhe1 Ng4 22. Re2 f5 23. f3 Ne3 24. Bf2 Nxd1 25. Bxb6 cxb6 26. Kxd1 b5 27. Bb3 a5 28. a4 b4 29. cxb4 axb4 30. d4 exd4 31. Re6 Rxg2 32. Rxd6 Rxb2 33. Bc4 Rc8 34. Bb5 Rcc2 35. Rf6+ Ke7 36. Rxf5 Rh2 37. Re5+ Kd6 38. Re6+ Kxd5 39. Re2 Rbxe2 40. Bxe2 Rxh4 41. Bd3 Rh2 42. Be4+ Kc5 43. Kc1 b3 44. Kb1 Kb4 45. Bd5 Kc3 46. Bxb3 Kxb3 47. Kc1 Kc3 48. Kd1 Kb4 49. f4 Rf2 50. f5 Rxf5 51. Kd2 Rf3 52. a5 Ra3 53. Ke2 Rxa5 54. Kd3 Rf5 55. Kxd4 Rf8 56. Ke5 h4 57. Ke6 h3 58. Ke7 Rf2 59. Kd6 h2 60. Kc7 h1=Q 61. Kb6 Kc3 62. Ka7 Kd2 63. Kb6 Ke2 64. Ka7 Qc1 65. Kb6 Rf3 66. Ka7 b5 67. Kb6 b4 68. Kb5 b3 69. Ka4 b2 70. Ka5 Ra3+ 71. Kb4 b1=Q# 0-1


[Site "https://www.chess.com"]

[Event "Titled Tuesday Blitz March 08 Early 2022"]
[White "Rodchenkov, Sergey D."]
[Black "Muradov, Soltan"]
[WhiteFideId "4168712"]
[BlackFideId "14002108"]
[WhiteElo "2306"]
[BlackElo "1854"]
[Result "1-0"]
[Round "08"]
[TimeControl "180+1"]
[Date "2022.03.09"]
[WhiteClock "0:00:24"]
[BlackClock "0:00:08"]

1. e4 e5 2. Nf3 Nf6 3. d4 Nxe4 4. Bd3 d5 5. Nxe5 Nd7 6. Nxd7 Bxd7 7. Nc3 Bb4 8. O-O Nxc3 9. bxc3 Bxc3 10. Ba3 Bxa1 11. Qxa1 f6 12. Qd1 Kf7 13. Qh5+ g6 14. Qxd5+ Be6 15. Qxb7 Qxd4 16. Qxc7+ Qd7 17. Qf4 Rab8 18. h4 Bf5 19. Bc4+ Kg7 20. Bc1 h5 21. Bb3 Rbd8 22. Bb2 Rhe8 23. Bc1 Rh8 24. Bb2 Rhe8 25. f3 Qd6 26. Qa4 Qc5+ 27. Kh2 Re2 28. Qf4 Rdd2 29. Rg1 a5 30. Bc1 Qxg1+ 31. Kxg1 Rxg2+ 32. Kf1 Rgf2+ 33. Kg1 Rg2+ 34. Kh1 Rh2+ 35. Qxh2 Rd1+ 36. Qg1 1-0


[Site "https://www.chess.com"]

[Event "Titled Tuesday Blitz March 08 Early 2022"]
[White "Roman, Rodrigo"]
[Black "Devaev, Alexander"]
[WhiteFideId "3701220"]
[BlackFideId "4169395"]
[WhiteElo "2001"]
[BlackElo "2185"]
[Result "0-1"]
[Round "08"]
[TimeControl "180+1"]
[Date "2022.03.09"]
[WhiteClock "0:00:01"]
[BlackClock "0:00:06"]

1. e4 c6 2. e5 d5 3. exd6 e5 4. d4 Qxd6 5. dxe5 Qxe5+ 6. Qe2 Nd7 7. Nf3 Qxe2+ 8. Bxe2 Ngf6 9. O-O Bc5 10. Nc3 O-O 11. Rd1 a5 12. h3 a4 13. a3 Re8 14. Bf4 h6 15. Kf1 Nb6 16. Bd6 Bxd6 17. Rxd6 Bf5 18. Bd3 Bxd3+ 19. Rxd3 Nc4 20. b3 axb3 21. cxb3 Rxa3 22. Rxa3 Nxa3 23. Rd2 b5 24. Rd6 c5 25. Rc6 c4 26. Ra6 b4 27. bxc4 Nxc4 28. Rc6 Na5 29. Rc5 bxc3 30. Rxa5 Rc8 31. Ra1 Nd5 32. Nd4 Rc4 33. Nc2 f5 34. g3 f4 35. Ke2 Kh7 36. Kd3 Rc7 37. Ra5 fxg3 38. fxg3 Nf6 39. Ra3 Nd5 40. Ra5 Rd7 41. Kc4 Nf6 42. Kxc3 Ne4+ 43. Kb3 Nxg3 44. Nb4 Ne4 45. Rh5 Nd2+ 46. Kc2 Ne4 47. Rh4 Nf6 48. Rc4 Re7 49. Kd3 Re1 50. Rc3 Rd1+ 51. Kc2 Rh1 52. Nc6 Nd5 53. Rd3 Nf4 54. Rd7 Nxh3 55. Ne5 Rh2+ 56. Kd3 Rg2 57. Ke4 Nf2+ 58. Kf3 Rh2 59. Kg3 Rh1 60. Kxf2 Ra1 61. Kf3 Ra2 62. Kf4 Ra5 63. Kf5 Ra6 64. Ng4 Ra5+ 65. Kf4 Ra4+ 66. Kg3 Kg6 67. Rb7 Ra3+ 68. Kh4 Ra4 69. Rb6+ Kh7 70. Rb7 Ra1 71. Nf6+ Kg6 72. Ng4 Rh1+ 73. Kg3 Rg1+ 74. Kf3 Ra1 75. Ne5+ Kf5 76. Nd3 Ra3 77. Ke3 g5 78. Rh7 Kg6 0-1


[Site "https://www.chess.com"]

[Event "Titled Tuesday Blitz March 08 Early 2022"]
[White "Romanchuk, Viktor"]
[Black "Wagner, Dennis"]
[WhiteFideId "14109271"]
[BlackFideId "24650684"]
[WhiteElo "2242"]
[BlackElo "2355"]
[Result "0-1"]
[Round "08"]
[TimeControl "180+1"]
[Date "2022.03.09"]
[WhiteClock "0:01:21"]
[BlackClock "0:00:44"]

1. d4 d5 2. c4 c6 3. Nc3 Nf6 4. e3 e6 5. Nf3 Nbd7 6. Qc2 Bd6 7. b3 O-O 8. Bb2 e5 9. dxe5 Nxe5 10. O-O-O Qe7 11. cxd5 cxd5 12. Nb5 Nxf3 13. Nxd6 Qxd6 14. gxf3 Bd7 15. Kb1 Rfc8 16. Qd3 a5 17. Rg1 a4 18. Qd4 Bf5+ 19. e4 Bg6 20. Bd3 axb3 21. axb3 Qe6 22. exd5 Qa6 23. Qa4 Bxd3+ 0-1


[Site "https://www.chess.com"]

[Event "Titled Tuesday Blitz March 08 Early 2022"]
[White "Rudzinska, Michalina"]
[Black "Mohammadian, Mohammad"]
[WhiteFideId "1172883"]
[BlackFideId "12566055"]
[WhiteElo "1904"]
[BlackElo "1544"]
[Result "1-0"]
[Round "08"]
[TimeControl "180+1"]
[Date "2022.03.09"]
[WhiteClock "0:02:27"]
[BlackClock "0:00:52"]

1. Nf3 Nf6 2. b3 g6 3. Bb2 Bg7 4. c4 c5 5. d4 cxd4 6. Nxd4 O-O 7. g3 d6 8. Bg2 Qb6 9. O-O Nc6 10. Nxc6 bxc6 11. Nc3 Bb7 12. e4 Rab8 13. Qe2 Nd7 14. Kh1 Qa5 15. Rac1 Ne5 16. f4 Nd7 17. h4 Nf6 18. Bf3 h5 19. f5 Qc7 20. fxg6 fxg6 21. Qe3 Nh7 22. Rc2 Rf7 23. Ne2 Rbf8 24. Bxg7 Kxg7 25. Nf4 Qd7 26. Bg2 Nf6 27. Bh3 Ng4 28. Bxg4 Qxg4 29. Rcf2 c5 30. Kh2 Kh7 31. Nh3 Rxf2+ 32. Rxf2 Rxf2+ 33. Qxf2 Bxe4 34. Ng5+ Kh6 35. Qf8# 1-0


[Site "https://www.chess.com"]

[Event "Titled Tuesday Blitz March 08 Early 2022"]
[White "Rychagov, Andrey"]
[Black "Perez Gormaz, Matias"]
[WhiteFideId "4119932"]
[BlackFideId "3406342"]
[WhiteElo "2500"]
[BlackElo "2327"]
[Result "1-0"]
[Round "08"]
[TimeControl "180+1"]
[Date "2022.03.08"]
[WhiteClock "0:00:23"]
[BlackClock "0:00:14"]

1. d4 d5 2. c4 e6 3. Nf3 a6 4. Bg5 Be7 5. Bxe7 Nxe7 6. e3 O-O 7. Nbd2 b6 8. e4 dxe4 9. Nxe4 Bb7 10. Bd3 Nf5 11. Ng3 Nc6 12. Nxf5 exf5 13. d5 Re8+ 14. Be2 Qe7 15. dxc6 Rad8 16. Qc2 Bxc6 17. Kf1 Be4 18. Qc3 Rd6 19. h4 Re6 20. Kg1 Rg6 21. Rh3 f4 22. h5 Re6 23. Bd3 Bb7 24. Bf5 Re2 25. Rd1 Qc5 26. Nd4 R2e5 27. b4 Qe7 28. h6 g6 29. Bg4 f5 30. Bf3 Be4 31. Nc6 Bxc6 32. Bxc6 Rd8 33. Rxd8+ 1-0


[Site "https://www.chess.com"]

[Event "Titled Tuesday Blitz March 08 Early 2022"]
[White "Sahil, Tickoo"]
[Black "Marcinczyk, Monika"]
[WhiteFideId "5019710"]
[BlackFideId "1192051"]
[WhiteElo "2099"]
[BlackElo "1783"]
[Result "1-0"]
[Round "08"]
[TimeControl "180+1"]
[Date "2022.03.09"]
[WhiteClock "0:00:52"]
[BlackClock "0:00:09"]

1. d4 d5 2. Bf4 Nf6 3. e3 Bf5 4. c4 e6 5. Nc3 Be7 6. Qb3 b6 7. cxd5 exd5 8. Bb5+ c6 9. Bxb8 cxb5 10. Bg3 a6 11. Nf3 O-O 12. O-O Rc8 13. Rfe1 h6 14. Bh4 Be6 15. Ne5 Ne4 16. Bxe7 Qxe7 17. Rac1 Nxc3 18. Rxc3 b4 19. Rxc8 Rxc8 20. h3 a5 21. a3 bxa3 22. bxa3 Qd6 23. Rb1 Bf5 24. Qxb6 Qxa3 25. Rf1 Qb4 26. Qa7 Be6 27. Ra1 1-0


[Site "https://www.chess.com"]

[Event "Titled Tuesday Blitz March 08 Early 2022"]
[White "Sahin, Handenur"]
[Black "Bintang, Rasyid A. Hidayat"]
[WhiteFideId "6334865"]
[BlackFideId "7105355"]
[WhiteElo "2178"]
[BlackElo "2357"]
[Result "0-1"]
[Round "08"]
[TimeControl "180+1"]
[Date "2022.03.09"]
[WhiteClock "0:00:33"]
[BlackClock "0:00:32"]

1. e4 e5 2. Nf3 Nc6 3. Bb5 a6 4. Ba4 d6 5. Nc3 f5 6. d3 Nf6 7. Bg5 Be7 8. a3 O-O 9. Bb3+ Kh8 10. Qd2 Nd4 11. Nxd4 exd4 12. Bxf6 Bxf6 13. Nd5 fxe4 14. dxe4 c6 15. Nxf6 Qxf6 16. O-O-O c5 17. f3 Be6 18. Bxe6 Qxe6 19. Kb1 b5 20. Rhe1 a5 21. f4 b4 22. a4 b3 23. c3 Qc4 24. cxd4 Qxa4 25. Qc3 Qa2+ 26. Kc1 cxd4 27. Rxd4 Rac8 28. Rc4 Rxc4 29. Qxc4 Qa1+ 30. Kd2 Qxb2+ 31. Ke3 Qxg2 32. Rc1 h6 33. Qe6 b2 34. Rb1 Qc2 35. Qe7 Rc8 36. Rg1 Rc3+ 37. Kd4 Qd3# 0-1


[Site "https://www.chess.com"]

[Event "Titled Tuesday Blitz March 08 Early 2022"]
[White "Sailer, Mike"]
[Black "Kaganskiy, Gleb"]
[WhiteFideId "2012901"]
[BlackFideId "4132025"]
[WhiteElo "2109"]
[BlackElo "2165"]
[Result "1-0"]
[Round "08"]
[TimeControl "180+1"]
[Date "2022.03.09"]
[WhiteClock "0:00:37"]
[BlackClock "0:01:20"]

1. d4 Nf6 2. Nf3 d5 3. Bf4 c5 4. e3 Nc6 5. Nc3 a6 6. Be2 cxd4 7. exd4 Bg4 8. h3 Bh5 9. O-O e6 10. Ne5 Bxe2 11. Nxe2 Bd6 12. Nxc6 bxc6 13. c3 O-O 14. b4 Qc7 15. Bxd6 Qxd6 16. Nc1 a5 17. Nd3 axb4 18. cxb4 Ne4 19. Nc5 Nxc5 20. dxc5 Qf4 21. Qb3 e5 22. a4 e4 23. b5 Qe5 24. b6 f5 25. a5 Ra6 26. Qa4 Qf6 27. Rab1 f4 28. b7 Rb8 29. Rb3 f3 30. g3 d4 31. Qc4+ Kh8 32. Qxa6 Qe6 33. Qa8 Rg8 34. a6 Qxh3 35. Qxg8+ Kxg8 36. b8=Q+ Kf7 37. Qf4+ Kg6 38. Qxe4+ Kh6 39. Qh4+ Qxh4 40. gxh4 1-0


[Site "https://www.chess.com"]

[Event "Titled Tuesday Blitz March 08 Early 2022"]
[White "Samadov, Read"]
[Black "Bilych, Olexiy"]
[WhiteFideId "13417444"]
[BlackFideId "14156504"]
[WhiteElo "2084"]
[BlackElo "2176"]
[Result "1-0"]
[Round "08"]
[TimeControl "180+1"]
[Date "2022.03.08"]
[WhiteClock "0:00:12"]
[BlackClock "0:00:06"]

1. d4 Nf6 2. c4 e6 3. Nf3 d5 4. g3 Bb4+ 5. Bd2 Be7 6. Bg2 O-O 7. O-O c6 8. Qc2 b6 9. Rd1 Nbd7 10. Bf4 Ba6 11. Ne5 Nxe5 12. dxe5 Nd7 13. cxd5 cxd5 14. e4 d4 15. Rxd4 Bc5 16. Rd1 Qe7 17. Qa4 Nb8 18. Nc3 Rc8 19. Rac1 Bb7 20. a3 a5 21. Nb5 Qe8 22. Qb3 a4 23. Qd3 Ba6 24. Bf1 Nc6 25. Qd7 Qxd7 26. Rxd7 Bxb5 27. Bxb5 Nd4 28. Bf1 g5 29. Bd2 Nf3+ 30. Kg2 Nxe5 31. Rb7 h6 32. f4 gxf4 33. gxf4 Ng4 34. Be2 Ne3+ 35. Kf3 Nf5 36. exf5 Rd8 37. Be3 Bxe3 38. Kxe3 exf5 39. Rcc7 Re8+ 40. Kf3 Rad8 41. Rxf7 Rd2 42. Rg7+ Kh8 43. Rh7+ Kg8 44. Bc4+ Rd5 45. Bxd5+ Re6 46. Bxe6+ Kf8 47. Rh8# 1-0


[Site "https://www.chess.com"]

[Event "Titled Tuesday Blitz March 08 Early 2022"]
[White "Samant Aditya S"]
[Black "Vasquez Schroeder, Rodrigo"]
[WhiteFideId "35080580"]
[BlackFideId "3400042"]
[WhiteElo "1916"]
[BlackElo "2561"]
[Result "0-1"]
[Round "08"]
[TimeControl "180+1"]
[Date "2022.03.08"]
[WhiteClock "0:00:04"]
[BlackClock "0:01:03"]

1. e4 c6 2. d4 d5 3. Nc3 dxe4 4. Nxe4 Nd7 5. Nf3 Ngf6 6. Ned2 e6 7. g3 b6 8. Bg2 Bb7 9. O-O c5 10. Nc4 Be7 11. dxc5 Nxc5 12. Qe2 Nd5 13. Rd1 Qc7 14. Nce5 O-O 15. c4 Nf6 16. Bf4 Qc8 17. Rac1 Rd8 18. Rxd8+ Bxd8 19. Nd4 Nce4 20. Nb5 Be7 21. Nd3 a6 22. Nc3 Nxc3 23. Rxc3 Bxg2 24. Kxg2 Ra7 25. Ne5 h6 26. Rd3 Nd7 27. Rxd7 Rxd7 28. Nxd7 Qxd7 29. Qe4 Qc8 30. b3 b5 31. Be3 bxc4 32. bxc4 Bb4 33. h4 h5 34. Kh2 a5 35. c5 Qc7 36. c6 Bd6 37. Qc4 Qb8 38. Qa6 Bc7 39. Ba7 Qd8 40. Kg2 Qd5+ 41. Kh2 Qd8 42. Kg2 Kh7 43. Qb7 g6 44. Be3 e5 45. a4 Kg7 46. Kh2 f6 47. Kg2 Kg8 48. Qb3+ Kf8 49. Qb7 Ke8 50. Qb3 Kf8 51. Bc5+ Kg7 52. Be3 Qd6 53. Qb7 Kg8 54. Kh2 Qd8 55. Kg2 Kf8 56. Bc5+ Ke8 57. Be3 Qd6 58. Qc8+ Ke7 59. Bc5 Qxc5 60. Qxc7+ Kf8 61. Qd7 Qe7 62. c7 Qxd7 0-1


[Site "https://www.chess.com"]

[Event "Titled Tuesday Blitz March 08 Early 2022"]
[White "Sanal, Vahap"]
[Black "Lou, Yiping"]
[WhiteFideId "6300545"]
[BlackFideId "8603928"]
[WhiteElo "2603"]
[BlackElo "2412"]
[Result "1/2-1/2"]
[Round "08"]
[TimeControl "180+1"]
[Date "2022.03.08"]
[WhiteClock "0:00:43"]
[BlackClock "0:00:41"]

1. e4 e5 2. Nf3 Nc6 3. Bb5 a6 4. Ba4 Nf6 5. O-O b5 6. Bb3 Bc5 7. Nc3 d6 8. Nd5 h6 9. c3 O-O 10. d4 Ba7 11. Nxf6+ Qxf6 12. Bd5 Bd7 13. Be3 Rad8 14. a4 exd4 15. axb5 dxe3 16. bxc6 exf2+ 17. Kh1 Bc8 18. Nd4 Qf4 19. Qe2 Bxd4 20. cxd4 Be6 21. Rxf2 Qg5 22. Bxe6 fxe6 23. Raf1 Rxf2 24. Qxf2 Qg6 25. Qf3 Rb8 26. b3 Rb4 27. Qf8+ Kh7 28. Qe7 Rxd4 29. Qxc7 Rd2 30. Rg1 Qxe4 31. Qd7 Rxg2 32. Rxg2 Qe1+ 33. Rg1 Qe4+ 34. Rg2 Qe1+ 35. Rg1 Qe4+ 36. Rg2 1/2-1/2


[Site "https://www.chess.com"]

[Event "Titled Tuesday Blitz March 08 Early 2022"]
[White "Sanchez Alvares, Kelvin Antonio"]
[Black "Shuvalova, Polina"]
[WhiteFideId "3906680"]
[BlackFideId "24171760"]
[WhiteElo "2193"]
[BlackElo "2355"]
[Result "1-0"]
[Round "08"]
[TimeControl "180+1"]
[Date "2022.03.09"]
[WhiteClock "0:01:06"]
[BlackClock "0:00:36"]

1. e4 c5 2. Nf3 d6 3. d4 cxd4 4. Nxd4 Nf6 5. f3 e5 6. Nb3 d5 7. Bg5 Be6 8. Bxf6 gxf6 9. exd5 Qxd5 10. Qxd5 Bxd5 11. Nc3 Bc6 12. O-O-O Nd7 13. Na5 O-O-O 14. Nxc6 bxc6 15. Bd3 Kc7 16. Bf5 Bh6+ 17. Kb1 Nc5 18. Rxd8 Rxd8 19. Rd1 Rxd1+ 20. Nxd1 Ne6 21. Bxh7 Kd6 22. c3 Ng7 23. g4 Bg5 24. Kc2 Ne6 25. Bf5 Nf4 26. b4 Nd5 27. Kd3 Nf4+ 28. Kc2 Nd5 29. Nf2 Bh4 30. Ne4+ Ke7 31. a3 Ne3+ 32. Kd3 Nd5 33. c4 Nf4+ 34. Kd2 Ne6 35. Bxe6 fxe6 36. c5 f5 37. Nd6 e4 38. gxf5 exf3 39. fxe6 Kxe6 40. Ke3 f2 41. Ke2 Kd5 42. Nf5 Kc4 43. Nxh4 Kb3 44. Nf3 Kxa3 45. b5 1-0


[Site "https://www.chess.com"]

[Event "Titled Tuesday Blitz March 08 Early 2022"]
[White "Shkapenko, Pavel"]
[Black "Chigaev, Maksim"]
[WhiteFideId "4151933"]
[BlackFideId "4108116"]
[WhiteElo "2386"]
[BlackElo "2502"]
[Result "1/2-1/2"]
[Round "08"]
[TimeControl "180+1"]
[Date "2022.03.08"]
[WhiteClock "0:00:41"]
[BlackClock "0:00:21"]

1. e4 c5 2. c3 d5 3. exd5 Nf6 4. d4 Nxd5 5. dxc5 e6 6. a3 Bxc5 7. b4 Be7 8. c4 Nf6 9. Qxd8+ Bxd8 10. Nc3 b6 11. Nb5 O-O 12. Bf4 e5 13. Be3 Bd7 14. Nf3 Bxb5 15. cxb5 Nbd7 16. Be2 Nd5 17. O-O Nxe3 18. fxe3 e4 19. Nd2 Bg5 20. Nxe4 Bxe3+ 21. Kh1 Ne5 22. Nd6 Rad8 23. Rad1 g6 24. Nc4 Rxd1 25. Rxd1 Nxc4 26. Bxc4 Rc8 27. Bd5 Kg7 28. Bc6 Rc7 29. g3 h5 30. Kg2 Bg5 31. a4 Re7 32. Rd7 Rxd7 33. Bxd7 h4 34. a5 hxg3 35. hxg3 Bd2 36. axb6 axb6 37. Kf3 Bxb4 38. Bc6 Kf6 39. g4 Kg5 40. Be8 f6 41. Bf7 Bc5 42. Be8 Bd4 43. Bf7 f5 44. gxf5 Kxf5 45. Be8 g5 46. Bd7+ Ke5 47. Kg4 Be3 48. Bc6 Bf4 49. Bd7 Kd6 50. Bc6 Kc5 51. Kf3 Kd6 52. Kg4 Kc5 53. Kf3 Kd6 54. Kg4 1/2-1/2


[Site "https://www.chess.com"]

[Event "Titled Tuesday Blitz March 08 Early 2022"]
[White "Shubenkova, Veronika"]
[Black "Coelho, Ramyres Santana"]
[WhiteFideId "44124040"]
[BlackFideId "2120690"]
[WhiteElo "1938"]
[BlackElo "1888"]
[Result "1-0"]
[Round "08"]
[TimeControl "180+1"]
[Date "2022.03.09"]
[WhiteClock "0:01:36"]
[BlackClock "0:00:41"]

1. e4 c5 2. Nc3 e6 3. g3 a6 4. Bg2 Nc6 5. f4 d6 6. Nf3 Nf6 7. d3 b5 8. Be3 b4 9. Ne2 Ng4 10. Bg1 Be7 11. h3 Nf6 12. Bf2 O-O 13. O-O d5 14. e5 Nd7 15. g4 f6 16. d4 cxd4 17. Nfxd4 Nxd4 18. Bxd4 fxe5 19. fxe5 Rxf1+ 20. Qxf1 Bc5 21. Qf2 Bxd4 22. Qxd4 Qg5 23. Bxd5 Nxe5 24. Bxa8 h5 25. Rd1 Kh7 26. Be4+ Kh6 27. Qd2 hxg4 28. Qxg5+ Kxg5 29. hxg4 a5 30. Nd4 Kf4 31. Bg2 Nxg4 32. Rf1+ Ke3 33. Nc6 Ba6 34. Rf7 g5 35. Nxa5 e5 36. c3 bxc3 37. bxc3 Be2 38. Nc6 e4 39. Bf1 Bf3 40. Nd4 Ne5 41. Rf5 Nd3 42. Bxd3 g4 43. Bf1 g3 44. a4 Kd2 45. Nxf3+ Kd1 46. a5 e3 47. a6 g2 48. Bxg2 e2 49. a7 e1=Q+ 50. Nxe1 1-0


[Site "https://www.chess.com"]